 Dungeon Crawl Stone Soup version 0.26.1-11-gd32895ea62 (webtiles) character file.

Game seed: 16093751770062315692

3013 infcreate the Covert (level 9, -8/52 HPs)
             Began as a Vampire Enchanter on May 21, 2021.
             Was a Believer of Dithmenos.
             Mangled by a wyvern (17 damage)
             ... on level 7 of the Dungeon.
             The game lasted 00:36:22 (9130 turns).

infcreate the Covert (Vampire Enchanter)            Turns: 9130, Time: 00:36:23

Health: -8/52      AC:  2    Str:  7    XL:     9   Next: 55%
Magic:  11/15      EV: 17    Int: 17    God:    Dithmenos [**....]
Gold:   436        SH:  0    Dex: 18    Spells: 4/16 levels left

rFire    . . .     SeeInvis +   a - +3 dagger
rCold    + + .     Faith    .   (no shield)
rNeg     + + +     Spirit   .   b - +0 robe
rPois    ∞         Reflect  .   (no helmet)
rElec    .         Harm     .   p - scarf {shadows}
rCorr    .         Rampage  .   (no gloves)
Will     .....                  (no boots)
Stlth    ++++++++..             A - amulet of the acrobat
HPRegen  0.00/turn              (no ring)
MPRegen  0.14/turn              (no ring)

@: bloodless, wreathed by umbra
A: fangs 3, see invisible, unbreathing
a: Bat Form, Revivify, Renounce Religion, Shadow Step


You were on level 7 of the Dungeon.
You worshipped Dithmenos.
Dithmenos was pleased with you.
You visited 2 branches of the dungeon, and saw 9 of its levels.

You collected 436 gold pieces.


Innate Abilities, Weirdness & Mutations

You do not regenerate when monsters are visible.
You are frail without blood (-20% HP).
You can heal yourself when you bite living creatures.
You are immune to poison.
You have razor-sharp teeth.
You have supernaturally acute eyesight. (SInv)
You can survive without breathing.


   Skills:
 + Level 3.9 Fighting
 * Level 6.9 Short Blades
 * Level 7.2 Dodging
 * Level 10.6 Stealth
 + Level 4.4 Spellcasting
 + Level 7.7 Hexes


You had 4 spell levels left.
You knew the following spells:

 Your Spells              Type           Power        Failure   Level
c - Corona                Hex            16%          1%          1
d - Tukima's Dance        Hex            15%          1%          3
e - Ensorcelled Hibernat  Hex/Ice        16%          4%          2
f - Dazzling Flash        Conj/Hex       16%          10%         3
t - Confusing Touch       Hex            15%          1%          3

Your spell library contained the following spells:

 Spells                   Type           Power        Failure   Level


Inventory:

Hand Weapons
 a - a +3 dagger (weapon)
 s - the +4 long sword of Descent {drain, *Corrode rElec Will+ Str+6}
   (You found it on level 5 of the Dungeon)

   A truly terrible weapon, it drains the life of those it strikes.
   It affects your strength (+6).
   It insulates you from electricity.
   It affects your willpower, your defense against some magical effects.
   It may corrode you when you take damage.
Armour
 b - a +0 robe (worn)
 p - a scarf of shadows (worn)
Jewellery
 A - an amulet of the acrobat (around neck)
Wands
 k - a wand of disintegration (12)
 v - a wand of flame (17)
Scrolls
 c - a scroll of noise {unknown}
 d - 2 scrolls of teleportation {@r4}
 f - 6 scrolls of remove curse {@r2}
 g - a scroll of random uselessness {unknown}
 i - 2 scrolls of enchant armour {unknown}
 m - a scroll of amnesia
 o - a scroll of fog {unknown}
 t - a scroll of vulnerability {unknown}
 u - 4 scrolls of identify {@r1}
 w - a scroll of torment {unknown}
 x - a scroll of acquirement {unknown}
Potions
 e - 8 potions of curing {@q1}
 h - 3 potions of degeneration {unknown}
 j - a potion of ambrosia {unknown}
 l - a potion of invisibility {unknown}
 n - 2 potions of magic {unknown}
 q - a potion of flight {unknown}
 r - 2 potions of mutation {unknown}

Dungeon Overview and Level Annotations

Branches:
Dungeon (8/15)             Temple (1/1) D:4            Lair (0/6) D:8

Altars:
Ashenzari
Cheibriados
Dithmenos
Elyvilon
Fedhas
Gozag
Hepliaklqana
Kikubaaqudgha
Makhleb
Nemelex Xobeh
Okawaru
Qazlal
Ru
Sif Muna
Trog
Uskayaw
Vehumet
Wu Jian
Xom
Yredelemnul
Zin
The Shining One

Shops:
D:7 *

Annotations:
D:7 Harold

####### #######
......############.....#########
.......(......Sl@..............##
....<....[.)..####)###.#######...
..............# #.# #.######....
.....>........# #.###..........>
..............# #.#...###..#.##.
......##.#.#### #...#......#.##.
.........#.#######.###...##...##.
.........#.##......#...#....###..
.......#.#.......................


You could see a water moccasin and a wyvern.


Message History

Unknown command.
The wyvern misses you. The water moccasin closely misses you.
The wyvern misses you.
The water moccasin completely misses you.
The wyvern completely misses you.
You see here a long sword.
The wyvern bites you!
* * * LOW HITPOINT WARNING * * *
The water moccasin closely misses you.
The wyvern hisses menacingly.
The wyvern bites you!
* * * LOW HITPOINT WARNING * * *
The water moccasin misses you. The wyvern closely misses you.
Casting: Ensorcelled Hibernation (safe; 4% risk of failure)
Confirm with . or Enter, or press ? or * to list all spells.
Aiming: Ensorcelled Hibernation (safe; 4% risk of failure)
Press: ? - help, Shift-Dir - straight line, f/p - wyvern
Aim: a wyvern (umbra, chance to affect: 39%)
You feel a numb sensation.
The wyvern resists with some effort.
The wyvern barely misses you.
Casting: Ensorcelled Hibernation (safe; 4% risk of failure)
Confirm with . or Enter, or press ? or * to list all spells.
Aiming: Ensorcelled Hibernation (safe; 4% risk of failure)
Press: ? - help, Shift-Dir - straight line, f/p - wyvern
Aim: a wyvern (umbra, chance to affect: 39%)
You feel a numb sensation.
The wyvern resists with some effort.
The wyvern misses you. The wyvern bites you!
You die...

Skill      XL: |  1  2  3  4  5  6  7  8  9 |
---------------+----------------------------+-----
Stealth        | 5 6 7 8 9 10 | 10.6
Fighting       | 1 2 3 |  3.9
Short Blades   | 2 3 4 6 |  6.9
Dodging        | 3 4 5 6 7 |  7.2
Hexes          | 5 6 7 |  7.7
Spellcasting   | 3 4 |  4.4

Action                   |  1- 3 |  4- 6 |  7- 9 || total
-------------------------+-------+-------+-------++-------
Melee: Dagger            |    89 |   143 |   193 ||   425
       Bite              |     9 |    11 |    15 ||    35
 Cast: Corona            |    18 |     5 |     4 ||    27
       Ensorcelled Hiber |    29 |    44 |    62 ||   135
       Confusing Touch   |       |     9 |    17 ||    26
       Tukima's Dance    |       |     2 |     4 ||     6
 Abil: Exsanguinate      |     1 |       |       ||     1
  Use: Scroll            |       |     8 |       ||     8
 Stab: Sleeping          |    23 |    31 |    45 ||    99
       Confused          |       |     8 |    13 ||    21
Armor: Robe              |    13 |    24 |     9 ||    46
Dodge: Dodged            |    38 |   127 |   154 ||   319

Levels and vault maps discovered:
D:1:      matt_arrival_diagonals, layout_rooms
D:2:      layout_loops_ring, chequers_serial_rivers_micro_d,
          uniq_crazy_yiuf_cottage
D:3:      layout_loops_corners
D:4:      layout_layer_cave, minmay_temple_entry_glassed_door,
          minmay_diced_spiral
D:5:      layout_gridville, kennysheep_mini, serial_bayou_lake_a
D:6:      layout_basic, basic_altar, uniq_blork_the_orc, uniq_pikel
D:7:      layout_rooms, serial_shops, nicolae_shop_window_shopping, uniq_harold
D:8:      layout_loops_ring, minmay_lair_entry_grove, nicolae_water_bricks,
          hangedman_decor_clover_reticule, okawaru_metal_pillars_1_2,
          uniq_psyche
Temple:   compressed_dpeg_circular_temple

Notes
Turn   | Place    | Note
-------+----------+-------------------------------------------
     0 | D:1      | infcreate the Vampire Enchanter began the quest for the
                  | Orb.
     0 | D:1      | Reached XP level 1. HP: 13/13 MP: 3/3
   149 | D:1      | Reached XP level 2. HP: 15/15 MP: 5/5
   170 | D:1      | Learned a level 2 spell: Ensorcelled Hibernation
   544 | D:1      | Reached XP level 3. HP: 20/20 MP: 1/6
   717 | D:1      | Reached skill level 5 in Stealth
  1068 | D:1      | Reached skill level 1 in Fighting
  1109 | D:1      | Reached skill level 2 in Short Blades
  1384 | D:2      | Learned a level 3 spell: Confusing Touch
  1436 | D:2      | Reached skill level 3 in Dodging
  1436 | D:2      | Reached XP level 4. HP: 25/25 MP: 7/7
  1832 | D:2      | Found a runed translucent door.
  1833 | D:2      | Noticed Crazy Yiuf
  1840 | D:2      | Killed Crazy Yiuf
  3130 | D:3      | Reached skill level 5 in Hexes
  3130 | D:3      | Reached XP level 5. HP: 26/29 MP: 4/8
  3615 | D:4      | Reached skill level 6 in Stealth
  3846 | D:4      | Reached skill level 3 in Short Blades
  3850 | D:4      | Noticed an orc warrior
  3891 | D:3      | Reached XP level 6. HP: 34/34 MP: 3/9
  3954 | D:4      | Learned a level 3 spell: Tukima's Dance
  4111 | D:3      | Reached skill level 4 in Dodging
  4626 | D:3      | Reached skill level 2 in Fighting
  4626 | D:3      | Reached skill level 7 in Stealth
  4626 | D:3      | Reached XP level 7. HP: 17/40 MP: 8/11
  4936 | D:4      | Found a staircase to the Ecumenical Temple.
  4947 | Temple   | Entered the Ecumenical Temple
  5029 | Temple   | Became a worshipper of Dithmenos the Shadowed
  5054 | D:4      | Reached skill level 3 in Spellcasting
  5334 | D:4      | Reached skill level 4 in Short Blades
  5543 | D:4      | Reached skill level 6 in Hexes
  5723 | D:4      | Reached skill level 5 in Dodging
  6022 | D:5      | Entered Level 5 of the Dungeon
  6304 | D:5      | Reached skill level 8 in Stealth
  6448 | D:4      | Learned a level 3 spell: Dazzling Flash
  6686 | D:5      | Reached XP level 8. HP: 45/45 MP: 3/13
  6768 | D:5      | Found a stormy altar of Qazlal.
  6945 | D:5      | Reached * piety under Dithmenos
  7218 | D:5      | Got a sapphire long sword
  7219 | D:5      | Identified the +4 long sword of Descent {drain, *Corrode
                  | rElec Will+ Str+6} (You found it on level 5 of the Dungeon)
  7465 | D:6      | Found a blossoming altar of Fedhas.
  7474 | D:6      | Reached skill level 5 in Short Blades
  7758 | D:6      | Noticed Blork the orc
  7764 | D:6      | Killed Blork the orc
  7765 | D:6      | Reached skill level 3 in Fighting
  7897 | D:6      | Noticed Pikel
  7914 | D:6      | Killed Pikel
  7915 | D:6      | Reached skill level 6 in Short Blades
  7915 | D:6      | Reached skill level 6 in Dodging
  7915 | D:6      | Reached skill level 9 in Stealth
  7915 | D:6      | Reached skill level 7 in Hexes
  8053 | D:6      | Reached XP level 9. HP: 51/51 MP: 14/14
  8188 | D:6      | Reached skill level 4 in Spellcasting
  8644 | D:7      | Reached skill level 10 in Stealth
  8663 | D:7      | Found Hiruxt's General Store.
  8667 | D:7      | Reached ** piety under Dithmenos
  8693 | D:7      | Noticed Harold
  8830 | D:7      | Reached skill level 7 in Dodging
  9109 | D:8      | Found a staircase to the Lair.
  9130 | D:7      | Mangled by a wyvern

Vanquished Creatures
  Pikel (D:6)
  A yak (D:8)
  An ice beast (D:7)
  A sky beast (D:6)
  2 black bears
  A necrophage (D:7)
  3 orc warriors
  A phantom (D:3)
  6 ogres
  Blork the orc (D:6)
  2 bullfrogs
  A scorpion (D:6)
  A howler monkey (D:4)
  A quasit (D:7)
  2 hounds
  A jelly (D:4)
  Crazy Yiuf (D:2)
  5 orc priests
  A bullfrog skeleton (D:6)
  An iguana (D:5)
  3 orc wizards
  5 worker ants
  A hound zombie (D:7)
  A worker ant zombie (D:5)
  4 gnolls
  6 adders
  A shadow imp (D:4)
  An ufetubus (D:7)
  2 oozes (D:4)
  An adder zombie (D:5)
  An adder skeleton (D:4)
  7 dart slugs
  A leopard gecko (D:7)
  23 orcs
  3 ball pythons
  4 bats
  5 giant cockroaches
  7 goblins
  11 hobgoblins
  4 jackals
  7 kobolds
  3 quokkas
  7 frilled lizards
  2 jackal skeletons
  10 rats
154 creatures vanquished.

Vanquished Creatures (others)
  A dancing weapon (D:4)
  14 plants
15 creatures vanquished.

Grand Total: 169 creatures vanquished

Table legend: (Time is in decaauts)
 A = Elapsed time spent in this place.
 B = Non-inter-level travel time spent in this place.
 C = Inter-level travel time spent in this place.
 D = Time resting spent in this place.
 E = Time spent auto-exploring this place.
 F = Levels seen in this place.
 G = Mean time per level.
                   A        B        C        D        E       F      G
               +--------+--------+--------+--------+--------+-----+--------+
         Total |   9093 |   8336 |    757 |   2872 |      0 |   9 | 1010.3 |
       Dungeon |   9001 |   8244 |    757 |   2872 |      0 |   8 | 1125.1 |
        Temple |     92 |     92 |      0 |      0 |      0 |   1 |   92.0 |
               +--------+--------+--------+--------+--------+-----+--------+

Top non-repeatable levels by time:
     D:3: 2246 daAuts
     D:4: 1944 daAuts
     D:1: 1270 daAuts
     D:5: 1150 daAuts
     D:6: 1118 daAuts
     D:2: 739 daAuts
     D:7: 520 daAuts
  Temple: 92 daAuts
     D:8: 10 daAuts

Table legend:
 A = Non-vault XP
 B = Vault XP
 C = Vault XP percentage of total XP
 D = Non-vault monster count
 E = Vault monster count
 F = Vault count percentage of total count
                 A         B        C        D         E       F
            +---------+---------+-------+---------+---------+-------
      Total |    3244 |    1061 |  24.6 |     149 |       5 |   3.2
            +---------+---------+-------+---------+---------+-------
        D:1 |      79 |       0 |   0.0 |      33 |       0 |   0.0
        D:2 |      34 |      41 |  54.7 |      16 |       1 |   5.9
        D:3 |     345 |       0 |   0.0 |      26 |       0 |   0.0
        D:4 |     821 |      34 |   4.0 |      27 |       1 |   3.6
        D:5 |     268 |       0 |   0.0 |      17 |       0 |   0.0
        D:6 |     801 |     787 |  49.6 |      12 |       2 |  14.3
        D:7 |     896 |       0 |   0.0 |      18 |       0 |   0.0
        D:8 |       0 |     199 | 100.0 |       0 |       1 | 100.0
            +---------+---------+-------+---------+---------+-------
